 Dungeon Crawl Stone Soup version 0.26-a0-652-gafc20e3620 (webtiles) character file.

Game seed: 15055348974522155027

3127 jasper the Martial Artist (level 9, -1/81 HPs)
             Began as a Gnoll Transmuter on Oct 1, 2020.
             Slain by Duvessa
             ... wielding a +2 short sword of draining
              (17 damage)
             ... on level 7 of the Dungeon.
             The game lasted 00:11:01 (7869 turns).

jasper the Martial Artist (Gnoll Transmuter)        Turns: 7869, Time: 00:11:01

Health: -1/81      AC:  6    Str: 13    XL:     9   Next: 92%
Magic:  18/19      EV: 10    Int: 18    God:
Gold:   294        SH:  0    Dex: 16    Spells: 6/21 levels left

rFire    x . .     SeeInvis .     - Unarmed
rCold    + + +     Faith    .   (shield currently unavailable)
rNeg     . . .     Spirit   .   (armour currently unavailable)
rPois    +         Reflect  .   (helmet currently unavailable)
rElec    .         Harm     .   (cloak currently unavailable)
rCorr    .         Rampage  .   (gloves currently unavailable)
MR       .....                  (boots currently unavailable)
Stlth    +.........             (no amulet)
HPRegen  0.23/turn              (no ring)
MPRegen  0.16/turn              (no ring)

@: ice-form, extremely drained
A: large, distributed training, strong nose
a: End Transformation


You were on level 7 of the Dungeon.
You were a creature of crystalline ice.
You visited 1 branch of the dungeon, and saw 7 of its levels.

You collected 476 gold pieces.
You spent 182 gold pieces at shops.

Inventory:

Hand Weapons
 n - a +0 club
Missiles
 k - 3 throwing nets (quivered)
 o - 181 stones
 u - 7 javelins
Armour
 a - a +0 robe
 c - a +0 leather armour (melded)
 x - a +0 kite shield
Jewellery
 z - a cursed ring of attention
Wands
 p - a wand of random effects (18)
 s - a wand of flame (11)
 A - a wand of digging (6)
 F - a wand of disintegration (13)
Scrolls
 d - 10 scrolls of remove curse
 f - 3 scrolls of enchant weapon
 g - 3 scrolls of enchant armour {unknown}
 l - a scroll of random uselessness {unknown}
 m - 2 scrolls of magic mapping {unknown}
 y - 2 scrolls of teleportation {unknown}
 C - a scroll of vulnerability {unknown}
 D - a scroll of fear
 E - 3 scrolls of blinking
Potions
 b - a potion of curing
 e - 2 potions of resistance
 h - a potion of lignification
 i - 5 potions of heal wounds {unknown}
 j - a potion of cancellation {unknown}
 q - 2 potions of ambrosia {unknown}
 r - a potion of might {unknown}
 t - a potion of mutation {unknown}
 v - a potion of flight {unknown}
 w - a potion of experience {unknown}
 B - a potion of haste {unknown}


   Skills:
 + Level 5.4(0.0) Fighting
 + Level 4.7(0.0) Short Blades
 + Level 4.7(0.0) Long Blades
 + Level 4.7(0.0) Axes
 + Level 4.7(0.0) Maces & Flails
 + Level 4.7(0.0) Polearms
 + Level 4.7(0.0) Staves
 + Level 4.7(0.0) Slings
 + Level 4.7(0.0) Bows
 + Level 4.7(0.0) Crossbows
 + Level 4.7(0.0) Throwing
 + Level 4.7(0.0) Armour
 + Level 6.6(1.1) Dodging
 + Level 4.7(0.0) Stealth
 + Level 4.7(0.0) Shields
 + Level 8.1(2.3) Unarmed Combat
 + Level 6.9(1.3) Spellcasting
 + Level 3.9(0.0) Conjurations
 + Level 3.9(0.0) Hexes
 + Level 3.9(0.0) Summonings
 + Level 3.9(0.0) Necromancy
 + Level 3.9(0.0) Translocations
 + Level 5.5(0.1) Transmutations
 + Level 3.9(0.0) Fire Magic
 + Level 3.9(0.0) Ice Magic
 + Level 3.9(0.0) Air Magic
 + Level 3.9(0.0) Earth Magic
 + Level 3.9(0.0) Poison Magic
 + Level 5.2(0.0) Invocations
 + Level 4.7(0.0) Evocations


You had 6 spell levels left.
You knew the following spells:

 Your Spells              Type           Power        Failure   Level
a - Beastly Appendage     Tmut           #.....       19%         1
b - Wereblood             Tmut           #.......     28%         2
c - Spider Form           Tmut/Pois      #.........   50%         3
d - Ice Form              Ice/Tmut       #.......     88%         4
e - Blade Hands           Tmut           #.........   99%         5

Your spell library contained the following spells:

 Spells                   Type           Power        Failure   Level


Dungeon Overview and Level Annotations

Branches:
Dungeon (7/15)
 Temple: D:4-7

Altars:
Ru
Xom
The Shining One

Shops:
D:6 ?

Annotations:
D:7 Duvessa


Innate Abilities, Weirdness & Mutations

Your experience applies equally to all skills.
((You have very sharp teeth.))
Your uncanny sense of smell can sniff out nearby items.


Message History

* * * LOW HITPOINT WARNING * * *
You feel drained.
Duvessa hits you with a +2 short sword of draining.
* * * LOW HITPOINT WARNING * * *
You feel drained.
* * * LOW HITPOINT WARNING * * *
You feel better.
Duvessa hits you with a +2 short sword of draining!
* * * LOW HITPOINT WARNING * * *
You feel drained.
* * * LOW HITPOINT WARNING * * *
You feel better.
Duvessa hits you with a +2 short sword of draining.
* * * LOW HITPOINT WARNING * * *
You feel drained.
* * * LOW HITPOINT WARNING * * *
Duvessa closely misses you.
You feel better. Duvessa hits you but does no damage.
You feel drained.
Duvessa hits you with a +2 short sword of draining!
You die...

#≈8≈.≈8≈# #≈≈≈.≈≈≈#
###≈≈≈.≈≈≈#
########.#≈8≈.≈8≈#
#......#.#≈≈≈.≈≈≈#
#......'.#.......#
#......#..........
#Y###.##..........
####e###'#....####'##
#..).....#....#......
#........#....#......
#........#....#......
#........#....#......
#...######....#...###
#### .....#+#####
......#......


You could see Duvessa (berserk).

Vanquished Creatures
  Pikel (D:7)
  Grinder (D:4)
  A hippogriff (D:7)
  Prince Ribbit (D:5)
  Sigmund (D:2)
  Eustachio (D:4)
  Menkaure (D:6)
  A water moccasin (D:7)
  A sky beast (D:5)
  A black bear (D:5)
  An ice beast (D:5)
  2 ogres
  A centaur (D:6)
  A lemure (D:7)
  2 bullfrogs
  Dowan (D:7)
  A scorpion (D:5)
  2 howler monkeys
  A bullfrog zombie (D:5)
  A hound (D:5)
  A bullfrog skeleton (D:4)
  4 orc priests
  7 orc wizards
  Jessica (D:3)
  Ijyb (D:4)
  Natasha (D:4)
  2 worker ants
  A hound skeleton (D:4)
  8 gnolls
  5 adders
  2 shadow imps (D:5)
  A white imp (D:5)
  An ufetubus (D:6)
  2 oozes (D:2)
  An adder skeleton (D:7)
  3 worms
  A dart slug (D:2)
  5 leopard geckos
  12 orcs
  6 bats
  6 giant cockroaches
  10 goblins
  5 hobgoblins
  6 jackals
  9 kobolds
  A ball python skeleton (D:5)
  6 frilled lizards
  A jackal skeleton (D:7)
  A quokka skeleton (D:5)
  9 rats
142 creatures vanquished.

Notes
Turn   | Place    | Note
-------+----------+-------------------------------------------
     0 | D:1      | jasper the Gnoll Transmuter began the quest for the Orb.
     0 | D:1      | Reached XP level 1. HP: 17/17 MP: 6/6
   315 | D:1      | Reached XP level 2. HP: 23/23 MP: 7/7
   680 | D:1      | Reached XP level 3. HP: 28/28 MP: 9/9
  1020 | D:2      | Noticed Sigmund
  1021 | D:2      | Reached skill level 5 in Spellcasting
  1126 | D:2      | Reached skill level 1 in Invocations
  1130 | D:2      | Learned a level 2 spell: Wereblood
  1134 | D:2      | Learned a level 3 spell: Spider Form
  1235 | D:2      | Killed Sigmund
  1235 | D:2      | Reached skill level 1 in Short Blades
  1235 | D:2      | Reached skill level 1 in Long Blades
  1235 | D:2      | Reached skill level 1 in Axes
  1235 | D:2      | Reached skill level 1 in Maces & Flails
  1235 | D:2      | Reached skill level 1 in Polearms
  1235 | D:2      | Reached skill level 1 in Staves
  1235 | D:2      | Reached skill level 1 in Slings
  1235 | D:2      | Reached skill level 1 in Bows
  1235 | D:2      | Reached skill level 1 in Crossbows
  1235 | D:2      | Reached skill level 1 in Throwing
  1235 | D:2      | Reached skill level 1 in Armour
  1235 | D:2      | Reached skill level 1 in Stealth
  1235 | D:2      | Reached skill level 1 in Shields
  1235 | D:2      | Reached skill level 1 in Conjurations
  1235 | D:2      | Reached skill level 1 in Hexes
  1235 | D:2      | Reached skill level 1 in Summonings
  1235 | D:2      | Reached skill level 1 in Necromancy
  1235 | D:2      | Reached skill level 1 in Translocations
  1235 | D:2      | Reached skill level 1 in Fire Magic
  1235 | D:2      | Reached skill level 1 in Ice Magic
  1235 | D:2      | Reached skill level 1 in Air Magic
  1235 | D:2      | Reached skill level 1 in Earth Magic
  1235 | D:2      | Reached skill level 1 in Poison Magic
  1235 | D:2      | Reached skill level 1 in Evocations
  1235 | D:2      | Reached XP level 4. HP: 23/35 MP: 4/11
  1235 | D:2      | Reached XP level 5. HP: 27/41 MP: 4/12
  1410 | D:2      | Reached XP level 6. HP: 46/47 MP: 13/13
  1420 | D:2      | Learned a level 4 spell: Ice Form
  1426 | D:2      | Learned a level 5 spell: Blade Hands
  2169 | D:3      | Reached skill level 5 in Dodging
  2852 | D:3      | Noticed Jessica
  2856 | D:3      | Killed Jessica
  3288 | D:4      | Noticed Eustachio
  3305 | D:4      | Killed Eustachio
  3305 | D:4      | Reached skill level 7 in Unarmed Combat
  3305 | D:4      | Reached XP level 7. HP: 40/52 MP: 13/15
  3423 | D:4      | Noticed Ijyb
  3430 | D:4      | Killed Ijyb
  3430 | D:4      | Noticed Grinder
  3436 | D:4      | Killed Grinder
  3436 | D:4      | Reached XP level 8. HP: 48/60 MP: 9/16
  4290 | D:4      | Found a glowing golden altar of the Shining One.
  4512 | D:4      | Noticed Natasha
  4520 | D:4      | Killed Natasha
  4655 | D:5      | Entered Level 5 of the Dungeon
  5347 | D:5      | Noticed Prince Ribbit
  5354 | D:5      | Killed Prince Ribbit
  5354 | D:5      | Reached skill level 5 in Transmutations
  5354 | D:5      | Reached XP level 9. HP: 66/66 MP: 11/18
  6457 | D:6      | Found Byank's Magic Scroll Emporium.
  6465 | D:6      | Bought a scroll of fear for 49 gold pieces
  6465 | D:6      | Bought a scroll of identify for 28 gold pieces
  6465 | D:6      | Bought a scroll of blinking for 105 gold pieces
  6523 | D:6      | Found a shimmering altar of Xom.
  6559 | D:6      | Found a sacrificial altar of Ru.
  6657 | D:6      | Noticed Menkaure
  6666 | D:6      | Killed Menkaure
  6666 | D:6      | Reached skill level 5 in Fighting
  7255 | D:7      | Noticed Pikel
  7267 | D:7      | Killed Pikel
  7267 | D:7      | Reached skill level 8 in Unarmed Combat
  7267 | D:7      | Reached skill level 5 in Invocations
  7844 | D:7      | Noticed Duvessa
  7844 | D:7      | Noticed Dowan
  7850 | D:7      | Killed Dowan
  7863 | D:7      | HP: 4/81 [Duvessa/+2 short sword of draining (4)]
  7869 | D:7      | Slain by Duvessa

Illustrated notes

Levels and vault maps discovered:
D:1:      dpeg_arrival_round_c, layout_loops_corners, minmay_worlds_worst_comb
D:2:      minmay_recursive_quarters, layout_basic, uniq_sigmund
D:3:      layout_loops_ring, kennysheep_generic_room_6, uniq_jessica
D:4:      layout_loops_corners, kennysheep_mini_moat, uniq_eustachio, uniq_ijyb,
          uniq_natasha, uniq_grinder
D:5:      layout_loops_ring, corexii_item_surrounded_by_moat,
          uniq_prince_ribbit1
D:6:      layout_basic, grunt_temple_overflow_open, serial_shops, shop,
          uniq_menkaure
D:7:      layout_gridville, temple_hall_moat, basic_altar,
          nicolae_qazlal_general_emergency, uniq_pikel, uniq_duvessa

Skill      XL: |  1  2  3  4  5  6  7  8  9 |
---------------+----------------------------+-----
Spellcasting   | 5 6 |  6.9
Invocations    | 1 2 3 4 5 |  5.2
Fighting       | 3 4 5 |  5.4
Short Blades   | 1 2 3 4 |  4.7
Long Blades    | 1 2 3 4 |  4.7
Axes           | 1 2 3 4 |  4.7
Maces & Flails | 1 2 3 4 |  4.7
Polearms       | 1 2 3 4 |  4.7
Staves         | 1 2 3 4 |  4.7
Slings         | 1 2 3 4 |  4.7
Bows           | 1 2 3 4 |  4.7
Crossbows      | 1 2 3 4 |  4.7
Throwing       | 1 2 3 4 |  4.7
Armour         | 1 2 3 4 |  4.7
Stealth        | 1 2 3 4 |  4.7
Shields        | 1 2 3 4 |  4.7
Conjurations   | 1 2 3 |  3.9
Hexes          | 1 2 3 |  3.9
Summonings     | 1 2 3 |  3.9
Necromancy     | 1 2 3 |  3.9
Translocations | 1 2 3 |  3.9
Transmutations | 4 5 |  5.5
Fire Magic     | 1 2 3 |  3.9
Ice Magic      | 1 2 3 |  3.9
Air Magic      | 1 2 3 |  3.9
Earth Magic    | 1 2 3 |  3.9
Poison Magic   | 1 2 3 |  3.9
Evocations     | 1 2 3 4 |  4.7
Dodging        | 5 6 |  6.6
Unarmed Combat | 7 8 |  8.1

Action                   |  1- 3 |  4- 6 |  7- 9 || total
-------------------------+-------+-------+-------++-------
Melee: Unarmed           |    76 |   127 |   258 ||   461
       Bite              |     5 |     8 |    14 ||    27
       Punch             |     3 |     2 |     1 ||     6
       Kick              |     1 |       |     2 ||     3
       Headbutt          |     1 |       |     1 ||     2
 Cast: Beastly Appendage |     6 |       |     1 ||     7
       Spider Form       |     2 |     8 |    13 ||    23
       Wereblood         |     1 |     1 |     4 ||     6
       Blade Hands       |       |       |     2 ||     2
       Ice Form          |       |       |     6 ||     6
Evoke: Wand              |       |       |     2 ||     2
  Use: Potion            |       |       |     9 ||     9
       Scroll            |       |       |     7 ||     7
 Stab: Sleeping          |     3 |     4 |     7 ||    14
       Distracted        |       |       |     1 ||     1
Armor: Leather armour    |    16 |     8 |    16 ||    40
       Skin              |       |     5 |    10 ||    15
Dodge: Dodged            |    45 |   112 |   188 ||   345

Table legend: (Time is in decaauts)
 A = Elapsed time spent in this place.
 B = Non-inter-level travel time spent in this place.
 C = Inter-level travel time spent in this place.
 D = Time resting spent in this place.
 E = Time spent auto-exploring this place.
 F = Levels seen in this place.
 G = Mean time per level.
                   A        B        C        D        E       F      G
               +--------+--------+--------+--------+--------+-----+--------+
         Total |   7813 |   7567 |    246 |    458 |   6119 |   7 | 1116.1 |
       Dungeon |   7813 |   7567 |    246 |    458 |   6119 |   7 | 1116.1 |
               +--------+--------+--------+--------+--------+-----+--------+

Top non-repeatable levels by time:
     D:5: 1571 daAuts
     D:4: 1353 daAuts
     D:3: 1129 daAuts
     D:2: 1104 daAuts
     D:1: 1037 daAuts
     D:6: 957 daAuts
     D:7: 659 daAuts
